 Dungeon Crawl Stone Soup version 0.27-a0-1140-g099f9bb0e8 (webtiles) character file.

Game seed: 3501390972387334072

18 CurlyBrace the Chiller (level 2, -6/12 HPs)
             Began as a Felid Ice Elementalist on May 10, 2021.
             Mangled by a bullfrog skeleton (7 damage)
             ... on level 5 of the Dungeon.
             The game lasted 00:02:14 (280 turns).

CurlyBrace the Chiller (Felid Ice Elementalist)      Turns: 280, Time: 00:02:15

Health: -6/12      AC:  1    Str:  4    XL:     2   Next: 51%
Magic:  5/6        EV: 17    Int: 16    God:
Gold:   9          SH:  0    Dex: 16    Spells: 4/5 levels left
                                        Lives:  0   Deaths: 0

rFire    . . .     SeeInvis +     - Unarmed
rCold    . . .     Faith    .   (shield unavailable)
rNeg     . . .     Spirit   .   (armour unavailable)
rPois    .         Reflect  .   (helmet unavailable)
rElec    .         Harm     .   (cloak unavailable)
rCorr    .         Rampage  .   (gloves unavailable)
Will     .....                  (boots unavailable)
Stlth    ++........             (no amulet)
HPRegen  0.04/turn              (no ring)
MPRegen  0.10/turn              (no ring)

@: quick
A: very small, claws 1, fangs 3, see invisible, speed 1, shaggy fur 1, stealthy
paws, no weapons or thrown items, no armour, multi-lived
a: no special abilities


You were on level 5 of the Dungeon.
You visited 1 branch of the dungeon, and saw 5 of its levels.

You collected 9 gold pieces.

You aren't carrying anything.


   Skills:
 * Level 1.2 Fighting
 - Level 3.0 Dodging
 - Level 3.0 Stealth
 * Level 1.2 Unarmed Combat
 - Level 2.0 Spellcasting
 - Level 3.6 Ice Magic


You had 4 spell levels left.
You knew the following spells:

 Your Spells              Type           Power      Damage    Failure   Level
a - Freeze                Ice            52%        1d7       4%          1

Your spell library contained the following spells:

 Spells                   Type           Power      Damage    Failure   Level
 Frozen Ramparts          Ice            26%        1d4       14%         3
 Ozocubu's Armour         Ice            13%        N/A       14%         3
 Hailstorm                Conj/Ice       7%         3d4       69%         4
 Metabolic Englaciation   Hex/Ice        3%         N/A       95%         5


Dungeon Overview and Level Annotations

Branches:
Dungeon (5/15)
 Temple: D:4-7

Altars:

Annotations:
D:2 Natasha


Innate Abilities, Weirdness & Mutations

You have sharp claws.
You have razor-sharp teeth.
You have supernaturally acute eyesight. (SInv)
You cover ground quickly. (Speed+)
You are covered in fur. (AC +1)
Your paws help you pounce on unaware monsters.
You are incapable of wielding weapons or throwing items.
You cannot wear armour.
You gain extra lives every three experience levels.


Message History

Found a scroll labelled SYOQUKK MUCY.
You see here a scroll labelled SYOQUKK MUCY.
a - a scroll labelled SYOQUKK MUCY
There is a stone staircase leading down here.
You climb downwards.
An ogre comes into view. It is wielding a +0 giant club.
There is a stone staircase leading up here.
The ogre shouts!
A goblin comes into view. It is wielding a +0 dagger.
As you read the scroll labelled SYOQUKK MUCY, it crumbles to dust.
The creatures around you are filled with an inner flame!
It was a scroll of immolation.
Found a scroll of enchant armour.
A jackal comes into view.
Found a stone staircase leading down.
You see here a scroll of enchant armour.
An ogre comes into view. It is wielding a +0 giant spiked club.
There is a stone staircase leading down here.
You climb downwards.
A bullfrog skeleton comes into view.
Found a scroll labelled NELEUL TERGHEU and 13 stones.
Found an escape hatch in the ceiling.
Found a stone staircase leading up.
There is a stone staircase leading up here.
Found a dagger.
The helpless bullfrog skeleton fails to defend itself.
You claw the bullfrog skeleton!
The bullfrog skeleton is heavily damaged.
The bullfrog skeleton hits you.
You scratch the bullfrog skeleton.
The bullfrog skeleton is heavily damaged.
The bullfrog skeleton misses you.
You scratch the bullfrog skeleton.
The bullfrog skeleton is severely damaged.
The bullfrog skeleton hits you.
* * * LOW HITPOINT WARNING * * *
The bullfrog skeleton barely misses you.
There is a stone staircase leading up here.
The bullfrog skeleton hits you!
Ouch! That really hurt!
You die...

.# ..# ..# # ..#
#.######..#
.........####
########..........
..........@.......
.......<..Z...##..
####..........#
#..........#...
#.............#.
#............##...
..........?..# #.
###....(....<...
##.#####.###.##


You could see a bullfrog skeleton.

Vanquished Creatures
  An adder (D:3)
  An orc (D:3)
  3 hobgoblins (D:3)
  2 jackals (D:3)
  A ball python (D:1)
8 creatures vanquished.

Notes
Turn   | Place    | Note
-------+----------+-------------------------------------------
     0 | D:1      | CurlyBrace the Felid Ice Elementalist began the quest for
                  | the Orb.
     0 | D:1      | Reached XP level 1. HP: 7/7 MP: 4/4
    19 | D:1      | Found a faded altar of an unknown god.
    29 | D:2      | Noticed Natasha
   158 | D:3      | Reached XP level 2. HP: 12/12 MP: 4/6
   180 | D:3      | Reached skill level 1 in Fighting
   180 | D:3      | Reached skill level 1 in Unarmed Combat
   238 | D:4      | Noticed an ogre
   261 | D:4      | Noticed an ogre
   269 | D:5      | Entered Level 5 of the Dungeon
   280 | D:5      | Mangled by a bullfrog skeleton

Illustrated notes

Levels and vault maps discovered:
D:1:      roderic_octagonal_star, layout_basic,
          hellmonk_ecumenical_altar_dog_temple
D:2:      layout_basic, basic_altar, hex_tiny, uniq_natasha
D:3:      layout_rooms, lemuel_round_altar, lemuel_tele_altar,
          general_overflow_altar, serial_shops,
          nicolae_shop_temple_entry_statues_fountains, st_stairs_9,
          chequers_serial_rivers_micro_e, grunt_ministairs_15, uniq_robin
D:4:      layout_loops_cross
D:5:      layout_rooms, temple_pool_b, serial_co_window_serial,
          co_window_corner_a, co_window_cross_1, co_window_corner_a,
          co_window_of_opportunity_a, co_window_paths_a, co_window_paths_a,
          co_window_broadway_c, co_window_paths_c, co_window_paths_c,
          co_window_2corner, co_window_4corner_b, glass_columns_a,
          glass_columns_b, glass_columns_a, glass_columns_b, glass_columns_b,
          grunt_ministairs_9

Skill      XL: |  1  2 |
---------------+-------+-----
Stealth        | 3 |  3.0
Fighting       | 1 |  1.2
Unarmed Combat | 1 |  1.2
Dodging        | 3 |  3.0
Spellcasting   | |  2.0
Ice Magic      | |  3.6

Action                   || total
-------------------------++-------
Melee: Unarmed           ||    16
 Cast: Freeze            ||    10
  Use: Scroll            ||     3
       Potion            ||     2
 Stab: Sleeping          ||     2
Armor: Skin              ||     1
Dodge: Dodged            ||    23

Table legend: (Time is in decaauts)
 A = Elapsed time spent in this place.
 B = Non-inter-level travel time spent in this place.
 C = Inter-level travel time spent in this place.
 D = Time resting spent in this place.
 E = Time spent auto-exploring this place.
 F = Levels seen in this place.
 G = Mean time per level.
                   A        B        C        D        E       F      G
               +--------+--------+--------+--------+--------+-----+--------+
         Total |    234 |    234 |      0 |      0 |      0 |   5 |   46.8 |
       Dungeon |    234 |    234 |      0 |      0 |      0 |   5 |   46.8 |
               +--------+--------+--------+--------+--------+-----+--------+

Top non-repeatable levels by time:
     D:3: 86 daAuts
     D:2: 78 daAuts
     D:1: 35 daAuts
     D:4: 25 daAuts
     D:5: 9 daAuts
